 Dungeon Crawl Stone Soup version 0.29-a0-887-gcbe080d7e0 (webtiles) character file.

Game seed: 14590383543315724164

287 spiderkeys the Conjurer (level 6, -9/36 HPs)
             Began as an Octopode Conjurer on July 22, 2022.
             Mangled by Blork the orc
             ... wielding a +0 flail
              (11 damage)
             ... on level 4 of the Dungeon.
             The game lasted 00:04:58 (4559 turns).

spiderkeys the Conjurer (Octopode Conjurer)         Turns: 4559, Time: 00:04:58

Health: -9/36      AC:  1    Str:  7    XL:     6   Next: 30%
Magic:  3/12       EV: 13    Int: 28    God:
Gold:   218        SH:  0    Dex: 10    Spells: 10/13 levels left

rFire   . . .      SeeInvis .   e - +0 dagger (freeze)
rCold   . . .      Faith    .   (no shield)
rNeg    . . .      Spirit   .   (helmet restricted)
rPois   +          Reflect  .   (no amulet)
rElec   .          Harm     .   P - ring of poison resistance
rCorr   .          Rampage  .   I - +6 ring of intelligence
Will    .....                   (no ring)
Stlth   +++.......              (no ring)
HPRegen 0.12/turn               (no ring)
MPRegen 0.13/turn               (no ring)
                                (no ring)
                                (no ring)

@: no status effects
A: almost no armour, amphibious, 8 rings, camouflage 1, gelatinous body 1,
(nimble swimmer 1), tentacles
a: no special abilities


You were on level 4 of the Dungeon.
You visited 1 branch of the dungeon, and saw 4 of its levels.

You collected 218 gold pieces.


Innate Abilities, Weirdness & Mutations

You cannot wear most types of armour.
You are amphibious.
You can wear up to eight rings at the same time.
Your skin changes colour to match your surroundings (Stealth+).
Your rubbery body absorbs attacks. (AC +1, EV +1)
((You are camouflaged when in or above water. (Stealth+)))
You have tentacles for arms and can constrict up to eight enemies at once.


   Skills:
 - Level 2.0 Dodging
 - Level 2.6 Stealth
 + Level 4.4 Spellcasting
 + Level 5.9 Conjurations


You had 10 spell levels left.
You knew the following spells:

 Your Spells              Type           Power      Damage    Failure   Level
m - Magic Dart            Conj           100%       1d8       1%          1
s - Searing Ray           Conj           78%        2d7       1%          2

Your spell library contained the following spells:

 Spells                   Type           Power      Damage    Failure   Level
 Dazzling Flash           Conj/Hex       44%        N/A       6%          3
 Mephitic Cloud           Conj/Pois/Air  17%        N/A       10%         3
 Call Imp                 Summ           6%         N/A       11%         2
 Sublimation of Blood     Necr           6%         N/A       11%         2
 Wereblood                Tmut           6%         N/A       11%         2
 Fulminant Prism          Conj/Hex       11%        3d9       22%         4
 Iskenderun's Mystic Bla  Conj/Tloc      22%        2d6       22%         4
 Summon Hydra             Summ           3%         N/A       100%        7

Inventory:

Hand Weapons
 e - a +0 dagger of freezing (weapon)
   (You took it off a goblin on level 1 of the Dungeon)
Missiles
 d - 20 poisoned darts
 f - 5 silver javelins
 g - 41 stones
Jewellery
 I - a +6 ring of intelligence (right tentacle)
   (You found it on level 4 of the Dungeon)
 P - a ring of poison resistance (left tentacle)
   (You found it on level 3 of the Dungeon)
Scrolls
 b - a scroll of torment {!r}
 h - 2 scrolls of teleportation {@r4}
 i - a scroll of immolation {!r!r}
 k - a scroll of identify {@r1}
 n - a scroll of enchant weapon
 p - a scroll of fear
Potions
 a - a potion of magic
 c - 2 potions of cancellation
 j - a potion of curing {unknown}
 l - a potion of heal wounds {unknown}
 m - a potion of lignification {unknown}
 o - a potion of attraction {unknown}
 r - a potion of berserk rage {unknown}

Dungeon Overview and Level Annotations

Branches:
Dungeon (4/15) Zot: 19442
 Temple: D:4-7

Altars:

Annotations:
D:4 Blork the orc

...#########..#..#...######
...))).....#.....#........#
..########.#.....#...####.#
..########.#.....#...#
#..........#.........#
#####............##..#..
...................$....
######.######...###..#...
................@o./.......
#######.####.#.###.#.#####.
.............#........
.######.#..#.....#.....
.#.........#.#..... ####
.#.####+#'##.#####..
.#.##........########
.#.##.............
.#...........####


You could see Blork the orc.


Message History

Press: ? - help, Shift-Dir - straight line, f/p - orc priest
Aim: an orc priest, wielding a +0 mace (poisoned, 81% to hit)
The searing ray hits the orc priest!
The searing ray hits the orc!
You kill the orc! (Press . to maintain the ray.) 😮 MP[-2]
You lost 2 mp, and now have 2/12 mp.
The searing ray hits the orc priest.
The orc priest mumbles some strange prayers to Beogh against you.
Pain shoots through your body!
* * * LOW HITPOINT WARNING * * *
😨 HP[-7] MP[-1]
You take 7 damage, and now have 14/36 hp.
You lost 1 mp, and now have 1/12 mp.
The searing ray hits the orc priest!
You kill the orc priest! 😨 MP[-1]
You lost 1 mp, and now have 0/12 mp.
Things that are here:
a +0 mace; an orc corpse
Items here: )) [[ †.
d - 20 poisoned darts (gained 1)
You see here a +0 club.
You see here a +0 morningstar.
You now have 218 gold pieces (gained 6).
Blork the orc and an endoplasm come into view. 😎 HP[+22] MP[+12]
Your hp is fully restored (36).
Your mp is fully restored (12).
The magic dart hits the endoplasm. 😎 MP[-1]
You lost 1 mp, and now have 11/12 mp.
The magic dart hits the endoplasm.
You kill the endoplasm! 😎 MP[-1]
You lost 1 mp, and now have 10/12 mp.
You start resting. 😎 MP[+2]
Your mp is fully restored (12).
Blork the orc screams, "I'll eat your brain!
And then I'll vomit it back up!"
Casting: Magic Dart (safe; 1% risk of failure)
Confirm with . or Enter, or press ? or * to list all spells.
Aiming: Searing Ray (safe; 1% risk of failure)
Press: ? - help, Shift-Dir - straight line, f - Blork the orc
Aim: Blork the orc, wielding a +0 flail and wearing a +0 robe (83% to hit)
The searing ray misses Blork the orc. (Press . to maintain the ray.) Blork the orc casts a spell at you.
The puff of frost hits you. 😕 HP[-6] MP[-2]
You take 6 damage, and now have 30/36 hp.
You lost 2 mp, and now have 10/12 mp.
Unknown command.
The searing ray hits Blork the orc.
Blork the orc looks satisfied for a moment. 😕 MP[-1]
You lost 1 mp, and now have 9/12 mp.
The searing ray hits Blork the orc.
Blork the orc gestures at you while chanting.
The magic dart hits you! 😮 HP[-8] MP[-1]
You take 8 damage, and now have 22/36 hp.
MASSIVE DAMAGE!! (PAUSE)
You lost 1 mp, and now have 8/12 mp.
The searing ray misses Blork the orc.
You finish channelling your searing ray. 😮 MP[-1]
You lost 1 mp, and now have 7/12 mp.
Casting: Searing Ray (safe; 1% risk of failure)
Confirm with . or Enter, or press ? or * to list all spells.
Aiming: Searing Ray (safe; 1% risk of failure)
Press: ? - help, Shift-Dir - straight line, f/p - Blork the orc
Aim: Blork the orc, wielding a +0 flail and wearing a +0 robe (moderately wounded, 83% to hit)
The searing ray hits Blork the orc! (Press . to maintain the ray.) 😮 MP[-2]
You lost 2 mp, and now have 5/12 mp.
The searing ray hits Blork the orc!
Blork the orc barely misses you. 😮 MP[-1]
You lost 1 mp, and now have 4/12 mp.
The searing ray misses Blork the orc.
Blork the orc hits you with a +0 flail!
* * * LOW HITPOINT WARNING * * *
😱 HP[-14] MP[-1]
You take 14 damage, and now have 8/36 hp.
MASSIVE DAMAGE!! (PAUSE)
You lost 1 mp, and now have 3/12 mp.
The searing ray misses Blork the orc.
You finish channelling your searing ray.
Blork the orc gestures at you while chanting.
The puff of flame hits you!
* * * LOW HITPOINT WARNING * * *
😱 HP[-6]
You take 6 damage, and now have 2/36 hp.
Unknown command.
Aiming: Magic Dart (safe; 1% risk of failure)
Press: ? - help, Q - select action, (/) - cycle Shift-Dir - straight line, f/p - Blork the orc
Aim: Blork the orc, wielding a +0 flail and wearing a +0 robe (severely wounded, 100% to hit)
Okay, then.
It was a potion of cancellation.
You feel magically purged. Blork the orc hits you with a +0 flail!
You die...

Skill      XL: |  1  2  3  4  5 |
---------------+----------------+-----
Spellcasting   | 3 4 |  4.4
Conjurations   | 5 |  5.9
Dodging        | |  2.0
Stealth        | |  2.6

Action                   |  1- 3 |  4- 6 || total
-------------------------+-------+-------++-------
Melee: Unarmed           |     3 |       ||     3
       Constrict         |     1 |     1 ||     2
       Dagger            |       |     4 ||     4
Throw: Dart              |       |     4 ||     4
 Cast: Magic Dart        |    90 |    58 ||   148
       Searing Ray       |       |    10 ||    10
  Use: Scroll            |       |     6 ||     6
       Potion            |       |     1 ||     1
Armor: Skin              |       |     1 ||     1
Dodge: Dodged            |     8 |     9 ||    17

Levels and vault maps discovered:
D:1:      dpeg_arrival_short_road, layout_basic, st_stairs_9
D:2:      layout_loops_corners, hex_medium
D:3:      layout_loops_cross
D:4:      layout_basic, lemuel_coloured_pillars_altar, uniq_blork_the_orc

Notes
Turn   | Place    | Note
-------+----------+-------------------------------------------
     0 | D:1      | spiderkeys the Octopode Conjurer began the quest for the
                  | Orb.
     0 | D:1      | Reached XP level 1. HP: 11/11 MP: 3/3
     0 | D:1      | magus.rc [v1.11.3]
   186 | D:1      | Reached XP level 2. HP: 11/17 MP: 1/5
   717 | D:1      | Reached XP level 3. HP: 21/21 MP: 2/6
  1829 | D:2      | Learned a level 2 spell: Searing Ray
  1996 | D:2      | Reached skill level 3 in Spellcasting
  2102 | D:2      | You pick up a book of Minor Magic and begin reading...
  2102 | D:2      | You add the spells Call Imp and Mephitic Cloud to your
                  | library.
  2277 | D:2      | Reached XP level 4. HP: 27/27 MP: 3/8
  3078 | D:3      | Reached skill level 5 in Conjurations
  3582 | D:3      | Reached XP level 5. HP: 31/31 MP: 3/10
  3674 | D:3      | You pick up a book of Blood and begin reading...
  3674 | D:3      | You add the spells Sublimation of Blood, Wereblood and
                  | Summon Hydra to your library.
  3988 | D:4      | Noticed an ogre
  3994 | D:4      | Killed an ogre
  3995 | D:4      | Reached skill level 4 in Spellcasting
  4287 | D:4      | Reached XP level 6. HP: 20/36 MP: 6/12
  4526 | D:4      | Noticed Blork the orc
  4557 | D:4      | HP: 8/36 [Blork the orc/+0 flail (14)]
  4558 | D:4      | HP: 2/36 [Blork the orc/puff of flame (7)]
  4559 | D:4      | Mangled by Blork the orc

Vanquished Creatures
  An ogre (D:4)
  2 orc priests (D:4)
  4 adders
  2 worms
  2 dart slugs (D:1)
  7 orcs
  5 ball pythons
  6 endoplasms
  5 giant cockroaches
  5 goblins
  8 hobgoblins
  9 jackals
  2 quokkas
  9 bats
  5 frilled lizards (D:1)
  4 kobolds
  7 rats
83 creatures vanquished.

Table legend:
 A = Non-vault XP
 B = Vault XP
 C = Vault XP percentage of total XP
 D = Non-vault monster count
 E = Vault monster count
 F = Vault count percentage of total count
                 A         B        C        D         E       F
            +---------+---------+-------+---------+---------+-------
      Total |     407 |       3 |   0.7 |      81 |       2 |   2.4
            +---------+---------+-------+---------+---------+-------
        D:1 |      57 |       3 |   5.0 |      31 |       2 |   6.1
        D:2 |      59 |       0 |   0.0 |      18 |       0 |   0.0
        D:3 |      55 |       0 |   0.0 |      20 |       0 |   0.0
        D:4 |     236 |       0 |   0.0 |      12 |       0 |   0.0
            +---------+---------+-------+---------+---------+-------

Illustrated notes

Table legend:
 A = Kills in this place as a percentage of kills in entire the game.
 B = Kills by you in this place as a percentage of kills by you in the entire game.
 C = Kills by friends in this place as a percentage of kills by friends in the entire game.
 D = Other kills in this place as a percentage of other kills in the entire game.
 E = Experience gained in this place as a percentage of experience gained in the entire game.
 F = Experience gained in this place divided by the number of levels of this place that you have seen.
                   A       B       C       D       E      F
               +-------+-------+-------+-------+-------+----------------------
         Total | 100.0 | 100.0 |   N/A |   N/A | 100.0 | 102.5
       Dungeon | 100.0 | 100.0 |   N/A |   N/A | 100.0 | 102.5
               +-------+-------+-------+-------+-------+----------------------

Table legend: (Time is in decaauts)
 A = Elapsed time spent in this place.
 B = Non-inter-level travel time spent in this place.
 C = Inter-level travel time spent in this place.
 D = Time resting spent in this place.
 E = Time spent auto-exploring this place.
 F = Levels seen in this place.
 G = Mean time per level.
                   A        B        C        D        E       F      G
               +--------+--------+--------+--------+--------+-----+--------+
         Total |   4556 |   4456 |    100 |     15 |   4055 |   4 | 1139.0 |
       Dungeon |   4556 |   4456 |    100 |     15 |   4055 |   4 | 1139.0 |
               +--------+--------+--------+--------+--------+-----+--------+

Top non-repeatable levels by time:
     D:1: 1739 daAuts
     D:2: 1238 daAuts
     D:3: 908 daAuts
     D:4: 670 daAuts
